Map: Dusk Towers

Players

Miszu - Winner!

  • Race: Terran Terran
  • League: Master

Origine

  • Race: Terran Terran
  • League: Master

VOD

Have the link to the VOD?

Description

Time

  • Played on: March 15, 2016, 5:30 p.m.
  • Length: 26:25
Show
View Real Time Build Order
Export as new Build Order

Miszu Terran - Winner!

Build Orders: Bio Tank 

Get SALT Encoding   

  12  0:00  SCV  
  13  0:12  SCV  
  14  0:18  Supply Depot  
  14  0:24  SCV  
  15  0:39  SCV  
  15  0:41  Barracks  
  16  0:43  Refinery  
  16  0:52  SCV  
  17  1:04  SCV  
  18  1:16  SCV  
  19  1:28  Orbital Command  
  19  1:29  Barracks Reactor  
  19  1:43  Command Center  
  19  1:51  Supply Depot  
  19  1:55  SCV  
  20  2:05  Marine x2  
  20  2:07  SCV  
  23  2:16  Factory  
  23  2:20  SCV  
  24  2:24  Marine  
  25  2:30  Marine  
  25  2:32  SCV  
  27  2:37  Refinery  
  27  2:44  SCV  
  27  2:47  Marine  
  27  2:48  Marine  
  30  2:56  SCV  
  31  3:06  Starport, Marine  
  31  3:07  Marine  
  31  3:08  SCV  
  31  3:09  Factory Tech Lab  
  34  3:14  Orbital Command  
  34  3:20  SCV  
  35  3:31  Marine x2  
  35  3:32  SCV  
  38  3:37  Widow Mine  
  38  3:39  SCV  
  41  3:41  Supply Depot  
  41  3:45  SCV  
  42  3:49  Medivac  
  42  3:51  SCV  
  42  3:53  Marine  
  46  3:59  Supply Depot  
  46  4:03  Marine, SCV x2  
  49  4:15  SCV x2  
  51  4:24  Viking  
  53  4:26  Command Center, Siege Tank  
  53  4:27  SCV  
  53  4:28  SCV  
  53  4:30  Supply Depot  
  58  4:33  Engineering Bay  
  58  4:39  SCV  
  58  4:40  SCV  
  60  4:51  SCV  
  60  4:52  SCV  
  59  5:03  SCV  
  59  5:04  SCV  
  58  5:09  Marine x2  
  53  5:15  SCV  
  53  5:16  SCV  
  55  5:26  Refinery, Barracks, Marine  
  55  5:27  Marine, Barracks  
  55  5:28  Supply Depot, SCV x2  
  59  5:30  Siege Tank  
  59  5:32  Starport Reactor  
  60  5:40  SCV x2, Orbital Command  
  62  5:45  Refinery, Marine x2  
  64  5:52  SCV x2  
  66  6:01  Barracks  
  66  6:02  Barracks, Siege Tank  
  70  6:04  SCV x2  
  70  6:05  Supply Depot  
  70  6:06  Marine  
  73  6:11  Terran Infantry Weapons Level 1  
  73  6:16  SCV x2  
  74  6:18  Barracks Tech Lab  
  74  6:23  Medivac  
  74  6:25  Barracks Tech Lab  
  76  6:28  Medivac, SCV  
  76  6:31  Supply Depot, SCV  
  81  6:33  Supply Depot  
  81  6:35  Orbital Command  
  80  6:43  Marine x2  
  80  6:45  Stimpack, Combat Shields  
  80  6:46  Marine x2  
  84  6:48  SCV x2  
  86  6:54  Supply Depot  
  86  6:56  Supply Depot  
  86  6:57  Barracks Reactor  
  86  6:58  Barracks Reactor  
  86  7:00  SCV x2  
  86  7:01  Refinery, Marine x2  
  88  7:04  Marine x2  
  88  7:05  Refinery, Siege Tank  
  88  7:07  SCV  
  96  7:12  SCV x2  
  97  7:19  Marine x2, SCV  
  97  7:20  Sensor Tower, Missile Turret  
  97  7:21  Marine  
  97  7:22  Marine  
  102  7:23  Missile Turret  
  102  7:24  SCV x2  
  102  7:27  Engineering Bay  
  104  7:30  Armory  
  104  7:33  Marine x2, Medivac  
  104  7:35  Medivac  
  110  7:37  SCV  
  110  7:38  SCV  
  110  7:39  SCV  
  113  7:48  Sensor Tower  
  113  7:49  Missile Turret  
  114  7:52  Missile Turret  
  114  7:54  Supply Depot  
  114  7:55  Supply Depot  
  115  7:59  Siege Tank  
  115  8:03  Terran Infantry Armor Level 1  
  115  8:04  Marine x2  
  115  8:05  Marine x3  
  121  8:08  Marine  
  121  8:11  Marine  
  123  8:16  Marine  
  123  8:17  Medivac x2  
  123  8:18  Terran Infantry Weapons Level 2  
  128  8:22  Marine x2  
  130  8:27  Factory  
  130  8:28  Supply Depot  
  130  8:35  Marine x6  
  130  8:39  Siege Tank  
  130  8:40  Marine x2, Terran Vehicle Weapons Level 1  
  138  8:52  Marine  
  138  8:53  Marine x2  
  141  9:01  Marine  
  141  9:02  Marine x2  
  140  9:03  Marine  
  136  9:12  Marine  
  136  9:13  Hellion, Marine x3, Medivac x2  
  136  9:14  Factory Tech Lab  
  136  9:16  Command Center  
  145  9:19  Supply Depot, Marine  
  145  9:22  Supply Depot  
  145  9:23  Supply Depot  
  146  9:31  Marine x4  
  146  9:32  Marine x3  
  146  9:34  Siege Tank  
  146  9:37  Marine  
  157  9:41  Siege Tank  
  157  9:43  Medivac  
  162  9:49  Marine x3  
  162  9:50  Marine  
  162  9:51  Marine x3  
  169  9:55  Marine  
  169  9:58  Medivac  
  171  10:04  Terran Infantry Armor Level 2  
  171  10:07  Marine x3, Siege Tank  
  172  10:09  Marine x2  
  172  10:12  Marine  
  172  10:13  Marine, Medivac  
  181  10:28  Marine x6, Medivac, Siege Tank  
  190  10:29  Supply Depot  
  190  10:30  Marine  
  190  10:31  Supply Depot x2  
  193  10:39  Siege Tank  
  196  10:43  Medivac  
  196  10:44  Sensor Tower  
  196  10:45  Terran Infantry Weapons Level 3  
  198  10:51  Terran Vehicle Weapons Level 2  
  198  11:02  Planetary Fortress  
  197  11:05  Refinery x2  
  197  11:12  Barracks x2  
  197  11:14  Barracks  
  195  11:20  Medivac, Siege Tank  
  183  12:04  Reaper x3  
  183  12:05  Siege Tank x2  
  183  12:06  Medivac x2  
  178  12:25  Marine x4  
  181  12:31  Barracks Reactor  
  181  12:33  Barracks Reactor  
  181  12:36  Medivac x2  
  176  12:37  Siege Tank x2  
  182  12:47  Marine x5, Terran Infantry Armor Level 3  
  182  12:48  Marine x3  
  191  12:53  Command Center  
  191  13:01  Barracks Reactor, Factory  
  190  13:09  Siege Tank x2  
  196  13:41  Siege Tank  
  196  13:45  Siege Tank  
  196  13:47  Medivac x2  
  179  13:51  Factory Tech Lab  
  179  14:14  Siege Tank  
  182  14:17  Siege Tank  
  182  14:19  Siege Tank  
  182  14:20  Medivac x2  
  144  14:38  Marauder  
  144  14:41  Marine  
  144  14:46  Siege Tank  
  144  14:47  Marine  
  144  14:48  Marine x11  
  144  14:49  Medivac  
  144  14:50  Medivac, Siege Tank  
  144  14:51  Siege Tank, Planetary Fortress  
  169  14:59  Marine x2  
  171  15:00  Refinery  
  171  15:02  Refinery  
  171  15:05  Marine x5  
  171  15:06  Marine x7  
  183  15:13  Terran Vehicle Weapons Level 3  
  183  15:15  Sensor Tower  
  183  15:17  Marine x2  
  183  15:18  Siege Tank  
  183  15:19  Medivac  
  183  15:20  Medivac  
  192  15:22  Siege Tank  
  192  15:23  Marine x2, Siege Tank  
  197  15:58  Marine x11  
  197  15:59  Marine x3  
  197  16:00  Siege Tank x2  
  180  16:11  Siege Tank  
  180  16:12  Medivac x2  
  180  16:15  Marine  
  180  16:16  Marine x9  
  194  16:32  Siege Tank  
  197  16:42  Medivac  
  199  17:03  Command Center  
  199  17:15  Marine  
  199  17:50  Terran Vehicle And Ship Armor Level 1  
  174  18:06  Marine x2  
  174  18:07  Marine x10  
  168  18:16  Siege Tank  
  168  18:17  Medivac, Siege Tank x2  
  168  18:18  Medivac  
  175  18:32  Marine  
  166  18:36  Marine x6  
  166  18:37  Marine x5  
  175  18:41  Marine  
  175  18:43  Marine  
  175  18:47  Medivac  
  167  18:49  Siege Tank x3  
  167  18:50  Marine  
  167  18:54  Marine x11  
  171  18:59  Marine  
  171  19:00  Marine  
  173  19:07  Missile Turret  
  173  19:08  Marine, Medivac  
  176  19:11  Marine  
  176  19:12  Marine x9, Reaper  
  176  19:17  Marine  
  187  19:18  Marine  
  187  19:21  Siege Tank x3  
  198  19:25  Marine  
  198  19:29  Marine  
  190  19:41  Marine  
  190  19:42  Marine x10  
  190  19:43  Marine  
  190  19:44  Marine  
  198  19:47  Marine  
  199  19:59  Marine  
  197  20:00  Marine x2  
  185  20:15  Siege Tank x2  
  185  20:16  Siege Tank  
  194  20:21  Marine  
  194  20:22  Marine x5  
  199  20:30  Marine  
  195  21:13  SCV x2  
  181  21:23  Marine  
  181  21:24  Marine x13  
  160  21:29  Siege Tank x2  
  160  21:30  Medivac x2, Siege Tank  
  168  21:35  Planetary Fortress  
  168  21:37  Refinery x2  
  168  21:38  Command Center  
  168  21:41  Marine  
  168  21:42  Marine x8  
  168  21:45  Marine  
  168  21:46  Marine x2  
  180  22:00  Medivac x2  
  180  22:01  Siege Tank x2  
  190  22:02  Marine, Siege Tank  
  190  22:03  Marine x10  
  190  22:07  Marine  
  190  22:08  Marine x2  
  181  22:15  Factory  
  181  22:16  Factory  
  181  22:20  Marine  
  181  22:21  Marine x10  
  192  22:25  Marine  
  192  22:26  Marine x2  
  195  22:35  Terran Vehicle And Ship Armor Level 2  
  195  22:38  Marine x3  
  195  22:39  Marine x2  
  200  22:52  Marine  
  200  22:53  Marine x8  
  182  23:00  Marine  
  182  23:02  Marine  
  182  23:03  Siege Tank  
  182  23:05  Marine  
  185  23:11  Medivac, Siege Tank x2  
  193  23:26  Factory Tech Lab x2  
  191  23:35  Siege Tank  
  182  23:43  Siege Tank x2  
  185  23:56  Marine  
  185  23:57  Marine x3, Siege Tank x2  
  196  24:05  Medivac  
  199  24:14  Siege Tank  
  200  24:22  Marine  
  200  24:23  Marine x13  
  199  24:29  Siege Tank  
  199  24:30  Siege Tank  
  191  24:40  Marine  
  191  24:41  Marine x13  
  177  24:58  Marine x5  
  177  24:59  Marine x9  
  191  25:03  Siege Tank  
  191  25:04  Siege Tank x2  
  200  26:04  Barracks  
  191  26:05  Barracks x2  
  191  26:09  Barracks  
  191  26:10  Barracks  
  190  26:13  Barracks x2  
Show
View Real Time Build Order
Export as new Build Order

Origine Terran 

Build Orders: Reaper Expand, Bio Tank 

Get SALT Encoding   

  12  0:00  SCV  
  13  0:12  SCV  
  14  0:17  Supply Depot  
  14  0:25  SCV  
  15  0:38  SCV  
  15  0:40  Barracks  
  16  0:44  Refinery  
  16  0:50  SCV  
  17  1:03  SCV  
  18  1:15  SCV  
  19  1:27  Orbital Command  
  19  1:28  Reaper  
  20  1:42  Command Center  
  20  1:53  SCV  
  21  1:56  Supply Depot  
  21  2:01  Marine  
  21  2:05  SCV  
  23  2:13  Factory  
  23  2:17  SCV  
  23  2:21  Refinery  
  24  2:30  SCV  
  24  2:31  Barracks Tech Lab  
  24  2:32  Barracks Reactor  
  25  2:42  SCV  
  25  2:56  SCV  
  25  2:58  Orbital Command  
  26  3:01  Starport  
  26  3:03  Widow Mine  
  27  3:08  Marine x2  
  27  3:10  SCV  
  30  3:18  Supply Depot  
  30  3:22  SCV  
  30  3:25  Marine, SCV  
  30  3:26  Marine  
  34  3:33  Factory Tech Lab  
  34  3:34  SCV  
  34  3:38  SCV  
  34  3:39  Medivac  
  38  3:44  Marine x2  
  38  3:47  SCV  
  41  3:52  Siege Tank  
  41  3:54  SCV  
  45  3:59  Supply Depot, SCV  
  46  4:08  SCV  
  47  4:11  SCV  
  47  4:12  Marine  
  49  4:17  Refinery  
  49  4:23  Viking x2  
  53  4:27  Supply Depot  
  53  4:28  SCV  
  54  4:33  Supply Depot, SCV  
  54  4:35  Marine  
  54  4:38  Siege Tank  
  59  4:40  SCV  
  59  4:45  SCV  
  54  5:07  SCV  
  55  5:17  Command Center  
  55  5:21  Barracks Tech Lab  
  53  5:22  Viking x2, Siege Tank  
  53  5:27  SCV x2  
  59  5:37  Refinery  
  59  5:41  SCV  
  60  5:45  Barracks, Stimpack  
  60  5:47  Barracks  
  60  5:52  Supply Depot, Marine  
  61  6:03  SCV x2  
  63  6:08  Engineering Bay  
  63  6:09  Engineering Bay  
  63  6:10  Marine  
  64  6:14  Siege Tank  
  67  6:19  SCV x2  
  67  6:24  Starport Reactor  
  69  6:32  Orbital Command  
  69  6:36  Barracks  
  69  6:37  Barracks Reactor  
  69  6:38  Barracks  
  69  6:40  Marine, SCV  
  69  6:41  SCV  
  69  6:45  Terran Infantry Weapons Level 1  
  69  6:46  Terran Infantry Armor Level 1  
  72  6:47  Marine x2  
  72  6:53  Siege Tank  
  77  6:54  SCV x2  
  79  7:02  Medivac x2, Orbital Command  
  79  7:06  Supply Depot  
  79  7:07  Supply Depot  
  83  7:09  SCV x2  
  83  7:11  Marine x2  
  83  7:12  Marine  
  88  7:16  Marine x2  
  90  7:24  SCV x2  
  90  7:29  Marine  
  93  7:30  SCV  
  93  7:31  Barracks Reactor x2  
  93  7:32  Siege Tank  
  93  7:34  Medivac  
  93  7:36  SCV x2  
  101  7:44  Marine x4  
  101  7:45  SCV  
  101  7:48  Supply Depot, SCV  
  101  7:49  Supply Depot  
  101  7:50  Combat Shields  
  107  7:51  Medivac  
  107  7:53  SCV  
  107  7:58  Marine, Sensor Tower  
  110  8:01  SCV x2  
  110  8:02  Marine  
  110  8:03  Marine x2  
  116  8:07  Marine  
  116  8:09  Marine x3  
  120  8:14  Siege Tank  
  120  8:16  Supply Depot  
  120  8:18  Supply Depot  
  123  8:20  Armory  
  123  8:21  Refinery  
  123  8:23  Refinery  
  123  8:27  Marine x5  
  123  8:28  Marine  
  129  8:34  Medivac  
  129  8:40  Factory  
  130  8:43  Supply Depot  
  130  8:44  Supply Depot  
  130  8:47  Supply Depot  
  122  9:03  Marine x4  
  122  9:04  Marine  
  122  9:07  Viking x2  
  128  9:11  Marine x3  
  128  9:13  Terran Infantry Armor Level 2, Terran Infantry Weapons Level 2  
  128  9:16  Supply Depot x2  
  131  9:26  Siege Tank, Factory Tech Lab  
  131  9:31  Marine x3  
  135  9:32  Marine x6, Command Center  
  143  9:49  Marine x4  
  143  9:50  Marine  
  148  9:55  Marine x3  
  148  9:56  Marine  
  151  10:02  Siege Tank x2  
  151  10:06  Marine  
  151  10:07  Marine x3  
  158  10:10  Marine  
  158  10:13  Marine x3, Medivac  
  158  10:14  Medivac  
  168  10:22  Marine  
  168  10:24  Marine x2  
  171  10:34  Marine x3  
  174  10:36  Siege Tank x2  
  180  10:43  Medivac  
  180  10:44  Medivac  
  184  10:54  Marine x5  
  184  10:55  Marine x4  
  191  11:07  Command Center  
  190  11:12  Marine x3  
  192  11:24  Siege Tank x2  
  192  11:25  Marine  
  199  11:34  Terran Infantry Weapons Level 3  
  199  11:38  Planetary Fortress  
  198  11:42  Marine x2  
  171  12:07  SCV x3  
  170  12:11  Marine  
  170  12:12  Marine x4  
  166  12:19  SCV x2  
  166  12:23  Marine  
  166  12:24  Marine x3  
  166  12:29  Marine x2, SCV x2  
  163  12:30  Marine x3  
  163  12:31  SCV  
  165  12:41  Marine x2  
  165  12:42  Marine x2, Terran Infantry Armor Level 3  
  169  12:47  Marine  
  170  12:54  Marine x4  
  170  12:56  SCV  
  170  12:57  Sensor Tower  
  175  13:08  SCV  
  175  13:10  Marine x2  
  178  13:16  Marine  
  178  13:17  Marine x6  
  185  13:20  SCV  
  185  13:26  Siege Tank  
  189  13:28  Marine x2, SCV x2  
  193  13:34  Marine  
  191  13:45  Marine x2  
  191  13:46  Marine x4  
  180  13:48  Marine x2  
  180  13:50  Siege Tank  
  184  14:11  Marine x7  
  184  14:12  Marine x2  
  184  14:14  Siege Tank  
  195  14:19  Terran Vehicle Weapons Level 1  
  195  14:21  Planetary Fortress  
  195  14:26  Command Center  
  165  14:42  Marine x2, Siege Tank  
  165  14:43  Marine x3  
  173  14:46  Siege Tank  
  176  14:56  Barracks x2  
  176  14:58  Barracks x2  
  176  14:59  Starport  
  176  15:14  Siege Tank  
  176  15:17  Marine x2  
  176  15:18  Marine x7, Siege Tank  
  176  15:19  Sensor Tower  
  190  15:35  Marine x3  
  189  15:36  Marine  
  193  15:48  Liberator x2  
  193  15:49  Siege Tank  
  183  15:58  Marine x2  
  183  15:59  Marine x3  
  183  16:01  Marine x4  
  183  16:03  Siege Tank  
  136  16:04  SCV  
  135  16:15  SCV x3  
  135  16:16  Marine x2  
  137  16:18  Marine x2  
  137  16:19  Marine x2  
  137  16:20  SCV  
  137  16:21  Siege Tank  
  137  16:23  Barracks Reactor x4  
  139  16:27  Marine x3  
  139  16:34  Marine x2  
  139  16:36  Marine x3  
  144  16:40  Medivac  
  144  16:41  Marine  
  144  16:45  Marine x2  
  149  16:48  Refinery x2  
  149  17:02  Marine x8  
  149  17:03  Marine  
  158  17:10  Planetary Fortress  
  158  17:22  Marine x2  
  157  17:23  Marine x4  
  157  17:29  Siege Tank  
  167  17:30  Siege Tank  
  168  17:46  Terran Vehicle Weapons Level 2  
  157  17:53  Marine x5  
  157  17:54  Marine x3  
  143  18:05  Siege Tank x2  
  126  18:24  Marine x3  
  125  18:30  Marine x7  
  124  18:37  Siege Tank x2  
  130  18:42  Marine x2  
  130  18:43  Marine x2  
  122  18:51  Marine x2  
  122  18:53  Marine  
  116  19:03  Marine x4  
  116  19:04  Marine x2  
  116  19:05  Marine  
  123  19:11  Marine  
  123  19:12  Marine x4  
  128  19:23  Sensor Tower  
  127  19:37  Marine x3  
  127  19:38  Marine x4  
  106  19:39  Marine x2  
  106  19:40  Marine  
  106  19:44  Siege Tank x2  
  114  19:49  Marine x4  
  118  19:56  Marine x2  
  118  19:57  Marine x4  
  118  20:16  Siege Tank x2  
  123  20:30  Marine x5  
  128  20:38  Marine  
  128  20:39  Marine x2  
  131  20:45  Marine x2  
  131  20:48  Siege Tank  
  136  20:50  Marine x2  
  138  21:00  Marine  
  138  21:01  Marine x2  
  138  21:11  Marine x2  
  138  21:14  Marine x2  
  132  21:19  Marine x2  
  132  21:22  Marine  
  115  21:30  SCV  
  115  21:32  SCV  
  117  21:39  Marine x4  
  118  21:44  SCV, Orbital Command  
  117  22:02  Marine x4  
  117  22:03  Marine x8  
  117  22:04  Marine  
  119  22:24  Marine, SCV  
  119  22:25  Marine x16  
  137  22:32  Siege Tank x2  
  137  22:36  SCV  
  145  22:37  SCV  
  145  22:39  Orbital Command  
  145  22:42  Marine x3  
  148  22:45  Command Center  
  148  22:49  SCV  
  136  22:55  Marine x3  
  136  22:56  Marine x2  
  136  22:58  Marine x4  
  106  22:59  Marine x2  
  106  23:01  SCV  
  111  23:13  Marine  
  111  23:14  Marine x8  
  111  23:17  Siege Tank  
  111  23:18  SCV  
  123  23:20  Marine x2  
  123  23:21  Marine  
  126  23:30  SCV  
  127  23:38  Marine x5  
  127  23:39  Marine  
  115  23:42  Marine x9, SCV  
  115  23:44  Siege Tank  
  115  23:46  Medivac x2  
  131  23:49  Siege Tank  
  131  23:54  SCV  
  131  23:55  SCV  
  122  23:56  Marine x3  
  122  23:57  Marine x3  
  122  23:59  Marine  
  122  24:00  Marine  
  126  24:04  Marine x3  
  126  24:06  SCV  
  126  24:07  SCV  
  131  24:14  Marine  
  131  24:15  Marine x8  
  140  24:19  SCV  
  140  24:23  Marine x2  
  140  24:24  Marine x4  
  85  24:31  SCV  
  85  24:32  Marine  
  85  24:33  Marine x6  
  85  24:37  Marine x2  
  83  24:41  Marine x3  
  81  24:47  Marine x3  
  81  24:52  Marine x3  
  75  24:53  Marine x2  
  75  24:56  SCV  
  79  25:03  Siege Tank  
  77  25:11  SCV  
  78  25:15  Orbital Command  
  78  25:26  Marine x5  
  78  25:27  Marine x3  
  82  25:42  Medivac x2  
Tags
 
Add a new tag
Caveats
  • Supply blocks, unpowered buildings, or Contaminate may cause inaccurate times.
  • Supply counts are checked every 10 seconds.